Flames vs Sabres

Created - 11 janvier 2016 at 19:05

Goals
1 2 3 T
Flames 0 2 3 5
Sabres 0 1 0 1
Shots
1 2 3 T
Flames 9 11 11 31
Sabres 11 7 10 28

1st period

No Goal

Penalties :
David Backes (Cal) for High sticking (Minor) at 16:51

2nd period

1. Flames , Brad Marchand 5 (Andrej Sekera, Marcel Goc) at 12:56
2. Sabres , Ole-Kristian Tollefsen 5 (Michael Rupp, Joni Pitkanen) at 15:23
3. Flames , Alexander Semin 22 (David Backes, Eric Staal) at 17:27 (PP)

Penalties :
Mike Leclerc (Buf) for Interference (Minor) at 5:04, Steve Downie (Buf) for Hooking (Minor) at 17:05, Derick Brassard (Buf) for Hooking (Minor) at 17:49

3rd period

4. Flames , Steve Regier 11 (David Backes, Alexander Semin) at 11:39
5. Flames , Filip Kuba 5 (Alexander Semin, Eric Staal) at 13:14
6. Flames , Alexander Semin 23 (Erik Johnson, Pekka Rinne) at 15:33

Penalties :
David Backes (Cal) for Hooking (Minor) at 1:12, Ryan Hollweg (Buf) for Tripping (Minor) at 2:51, Brad Marchand (Cal) for Hooking (Minor) at 5:59, Alexander Semin (Cal) for Cross-checking (Minor) at 13:27, Antoine Roussel (Buf) for Interference (Minor) at 16:39

Goalie Stats

Pekka Rinne (Cal), 27 saves from 28 shots - (0,964), W, 20-11-2, 60:00 minutes
Michal Neuvirth (Buf), 26 saves from 31 shots - (0,839), L, 17-11-2, 60:00 minutes

Players Stats for Flames

Player Name              G  A  P  +/- PIM S  H  SB GA TA FO     MP     PP MP  PK MP  
------------------------------------------------------------------------------------
Alexander Semin          2  2  4   0  2   4  1  1  0  0  1/2    22:13   4:19   3:05 
Andrej Sekera            0  1  1   1  0   0  0  0  0  0  0/0     7:00   0:00   0:00 
Brad Marchand            1  0  1   1  2   1  2  2  0  0  0/0     9:04   0:11   2:12 
Colin Wilson             0  0  0   1  0   0  0  1  0  0  1/2     7:12   0:00   0:42 
Craig Adams              0  0  0   1  0   3  1  0  0  0  1/1    10:01   0:11   0:00 
David Backes             0  2  2   0  4   2  1  0  1  2  0/0    20:41   4:19   1:59 
Derek Meech              0  0  0   2  0   1  0  0  0  0  0/0    18:08   3:38   4:21 
Eric Staal               0  2  2   0  0   4  1  1  0  0  17/32  22:22   4:09   3:24 
Erik Johnson             0  1  1  -1  0   2  1  2  0  1  0/0    22:28   4:05   3:15 
Filip Kuba               1  0  1   2  0   2  0  0  0  0  0/0    23:21   4:20   0:00 
Joe Corvo                0  0  0  -1  0   1  0  2  0  0  0/0    18:31   0:00   3:15 
Marcel Goc               0  1  1   1  0   0  1  0  0  0  5/14   16:30   0:00   3:30 
Mark Bell                0  0  0   1  0   0  0  0  0  1  0/0    13:44   3:28   0:20 
Milan Hejduk             0  0  0   1  0   4  2  1  0  0  0/0    16:45   3:28   0:00 
Patrik Berglund          0  0  0   1  0   3  2  1  0  1  4/7    13:23   3:28   0:00 
Ron Hainsey              0  0  0   2  0   0  1  1  0  1  0/0    13:35   3:38   0:00 
Steve Eminger            0  0  0   2  0   1  0  1  0  2  0/0    23:26   0:15   4:21 
Steve Regier             1  0  1   1  0   3  1  0  0  1  0/0    13:36   0:21   0:00 

Players Stats for Sabres

Player Name              G  A  P  +/- PIM S  H  SB GA TA FO     MP     PP MP  PK MP  
------------------------------------------------------------------------------------
Antoine Roussel          0  0  0  -1  2   0  2  0  0  0  0/0    15:29   3:44   0:08 
Daniel Cleary            0  0  0  -1  0   0  0  0  0  0  0/0    10:32   0:41   1:42 
Derick Brassard          0  0  0  -1  2   5  1  0  1  0  16/26  20:31   3:16   0:08 
Greg Campbell            0  0  0   0  0   1  2  1  1  0  4/10   16:04   3:44   4:16 
Johnny Boychuk           0  0  0  -1  0   1  3  1  1  0  0/0    22:30   3:16   3:13 
Jonas Hoglund            0  0  0   0  0   0  1  0  0  0  0/0     8:37   0:17   0:00 
Joni Pitkanen            0  1  1  -1  0   2  3  0  0  1  0/0    27:27   4:20   4:45 
Michael Kostka           0  0  0  -1  0   0  0  1  0  0  0/0    15:29   0:00   0:00 
Michael Rupp             0  1  1   0  0   0  1  0  0  0  0/0    10:49   0:42   2:03 
Mike Fisher              0  0  0  -1  0   3  1  0  0  0  4/6    10:08   0:00   1:42 
Mike Leclerc             0  0  0  -1  2   0  0  0  1  0  0/0    11:18   0:03   3:15 
Nathan Paetsch           0  0  0  -1  0   0  1  0  1  0  0/0    17:04   3:16   3:13 
Niclas Bergfors          0  0  0  -1  0   5  2  2  1  0  2/2    20:10   3:14   0:00 
Ole-Kristian Tollefsen   1  0  1  -1  0   3  5  2  1  0  0/0    27:27   4:20   4:45 
Ryan Hollweg             0  0  0  -1  2   3  3  0  0  0  2/3    20:32   3:07   0:50 
Sam Gagner               0  0  0  -1  0   0  0  0  1  0  1/11   12:56   0:15   1:52 
Steve Downie             0  0  0  -1  2   3  1  0  1  0  0/0    14:31   3:44   0:00 
Tyler Sloan              0  0  0  -1  0   2  0  0  0  0  0/0    10:03   0:00   0:00 

3 Stars

1 - Alexander Semin (Cal)
2 - Pekka Rinne (Cal)
3 - Filip Kuba (Cal)

Power Play

Flames - 1 on 5 Attempt(s) - 20,00%
Sabres - 0 on 4 Attempt(s) - 0,00%

Penalty Kill

Flames - 4 on 4 Attempt(s) - 100,00% - Score 0 goal in Penalty Kill
Sabres - 4 on 5 Attempt(s) - 80,00% - Score 0 goal in Penalty Kill

Team Stat

Flames - Hits : 14 - Faceoff Wins : 29 - Blocked Shots : 13 - Penalty Minutes : 8
Sabres - Hits : 26 - Faceoff Wins : 29 - Blocked Shots : 7 - Penalty Minutes : 10

Official

Referees : Kimmerly Greg and Walsh Ian
Linesman : Lonnie Cameron and Bryan Pancich

Game Notes

No Game Note

Finance

Level 1 -- Attendance: 5698 (94,97%) -- Ticket Income 490 028 $
Level 2 -- Attendance: 4949 (98,98%) -- Ticket Income 262 297 $
Level 3 -- Attendance: 1469 (73,45%) -- Ticket Income 48 477 $
Level 4 -- Attendance: 3023 (75,58%) -- Ticket Income 69 529 $
Luxury Box -- Attendance: 899 (89,90%) -- Ticket Income 152 830 $
Game was played at the Duff Garden.
Total Attendance: 16038 (89,10%)
Total Ticket Income: 1 023 161 $
Other Income: 153 474 $
Total Income: 1 176 635 $

Flames

5 vs 5 Forward 
   Center                   Left Wing                Right Wing               Time % Phy DF OF 
 1 Eric Staal               Alexander Semin          David Backes             39     1   2  2  
 2 Marcel Goc               Steve Regier             Milan Hejduk             30     1   2  2  
 3 Patrik Berglund          Mark Bell                Craig Adams              21     1   2  2  
 4 Colin Wilson             Brad Marchand            Andrej Sekera            10     1   2  2  

5 vs 5 Defense 
   Defense                  Defense                                           Time % Phy DF OF 
 1 Filip Kuba               Steve Eminger                                     40     1   2  2  
 2 Joe Corvo                Erik Johnson                                      30     1   2  2  
 3 Derek Meech              Ron Hainsey                                       20     1   2  2  
 4 Filip Kuba               Steve Eminger                                     10     1   2  2  

PowerPlay Forward 
   Center                   Left Wing                Right Wing               Time % Phy DF OF 
 1 Eric Staal               Alexander Semin          David Backes             60     1   2  2  
 2 Patrik Berglund          Mark Bell                Milan Hejduk             40     1   2  2  

PowerPlay Defense
   Defense                  Defense                                           Time % Phy DF OF 
 1 Filip Kuba               Erik Johnson                                      60     1   2  2  
 2 Derek Meech              Ron Hainsey                                       40     1   2  2  

Penalty Kill 4 Players Forward 
   Center                   Wing                     Time % Phy DF OF 
 1 Marcel Goc               David Backes             60     1   3  1  
 2 Eric Staal               Alexander Semin          40     1   3  1  

Penalty Kill 4 Players Defense
   Defense                  Defense                  Time % Phy DF OF 
 1 Derek Meech              Steve Eminger            60     1   3  1  
 2 Joe Corvo                Erik Johnson             40     1   3  1  

Penalty Kill - 3 Players Forward 
   Forward                                           Time % Phy DF OF 
 1 Eric Staal                                        60     1   4  0  
 2 David Backes                                      40     1   4  0  

Penalty Kill - 3 Players Defense
   Defense                  Defense                  Time % Phy DF OF 
 1 Derek Meech              Steve Eminger            60     1   4  0  
 2 Joe Corvo                Erik Johnson             40     1   4  0  

4 vs 4 Forward 
   Center                   Wing                     Time % Phy DF OF 
 1 Eric Staal               Alexander Semin          60     1   2  2  
 2 Marcel Goc               David Backes             40     1   2  2  

4 vs 4 Defense
   Defense                  Defense                  Time % Phy DF OF 
 1 Filip Kuba               Steve Eminger            60     1   2  2  
 2 Joe Corvo                Erik Johnson             40     1   2  2  

Last Minutes Offensive
   Center                   Left Wing                Right Wing               Defense                  Defense                  
   Eric Staal               Alexander Semin          David Backes             Filip Kuba               Steve Eminger            

Last Minutes Defensive
   Center                   Left Wing                Right Wing               Defense                  Defense                  
   Eric Staal               Alexander Semin          David Backes             Filip Kuba               Steve Eminger            

Goaltenders
Starting : Pekka Rinne              
Backup : Craig Anderson           

Extra Forwards
Normal : Alexander Semin, Craig Adams, Steve Regier - PP : Steve Regier, Brad Marchand - PK : David Backes
Extra Defensemen
Normal : Erik Johnson, Joe Corvo, Ron Hainsey - PP : Filip Kuba - PK : Erik Johnson, Ron Hainsey
Penalty Shots
Eric Staal, Alexander Semin, David Backes, Patrik Berglund, Steve Regier

Sabres

5 vs 5 Forward 
   Center                   Left Wing                Right Wing               Time % Phy DF OF 
 1 Derick Brassard          Ryan Hollweg             Niclas Bergfors          40     1   2  2  
 2 Sam Gagner               Antoine Roussel          Steve Downie             30     1   2  2  
 3 Greg Campbell            Michael Rupp             Jonas Hoglund            20     1   2  2  
 4 Mike Fisher              Mike Leclerc             Daniel Cleary            10     1   2  2  

5 vs 5 Defense 
   Defense                  Defense                                           Time % Phy DF OF 
 1 Joni Pitkanen            Ole-Kristian Tollefsen                            40     1   2  2  
 2 Johnny Boychuk           Michael Kostka                                    30     1   2  2  
 3 Tyler Sloan              Nathan Paetsch                                    20     1   2  2  
 4 Joni Pitkanen            Ole-Kristian Tollefsen                            10     1   2  2  

PowerPlay Forward 
   Center                   Left Wing                Right Wing               Time % Phy DF OF 
 1 Derick Brassard          Ryan Hollweg             Niclas Bergfors          60     1   2  2  
 2 Greg Campbell            Antoine Roussel          Steve Downie             40     1   2  2  

PowerPlay Defense
   Defense                  Defense                                           Time % Phy DF OF 
 1 Joni Pitkanen            Ole-Kristian Tollefsen                            60     1   2  2  
 2 Johnny Boychuk           Nathan Paetsch                                    40     1   2  2  

Penalty Kill 4 Players Forward 
   Center                   Wing                     Time % Phy DF OF 
 1 Greg Campbell            Mike Leclerc             60     1   2  2  
 2 Mike Fisher              Daniel Cleary            40     1   2  2  

Penalty Kill 4 Players Defense
   Defense                  Defense                  Time % Phy DF OF 
 1 Joni Pitkanen            Ole-Kristian Tollefsen   60     1   2  2  
 2 Johnny Boychuk           Nathan Paetsch           40     1   2  2  

Penalty Kill - 3 Players Forward 
   Forward                                           Time % Phy DF OF 
 1 Mike Leclerc                                      60     1   2  2  
 2 Daniel Cleary                                     40     1   2  2  

Penalty Kill - 3 Players Defense
   Defense                  Defense                  Time % Phy DF OF 
 1 Joni Pitkanen            Ole-Kristian Tollefsen   60     1   2  2  
 2 Johnny Boychuk           Nathan Paetsch           40     1   2  2  

4 vs 4 Forward 
   Center                   Wing                     Time % Phy DF OF 
 1 Niclas Bergfors          Derick Brassard          60     1   2  2  
 2 Steve Downie             Jonas Hoglund            40     1   2  2  

4 vs 4 Defense
   Defense                  Defense                  Time % Phy DF OF 
 1 Joni Pitkanen            Ole-Kristian Tollefsen   60     1   2  2  
 2 Johnny Boychuk           Nathan Paetsch           40     1   2  2  

Last Minutes Offensive
   Center                   Left Wing                Right Wing               Defense                  Defense                  
   Derick Brassard          Ryan Hollweg             Niclas Bergfors          Joni Pitkanen            Ole-Kristian Tollefsen   

Last Minutes Defensive
   Center                   Left Wing                Right Wing               Defense                  Defense                  
   Derick Brassard          Ryan Hollweg             Niclas Bergfors          Joni Pitkanen            Ole-Kristian Tollefsen   

Goaltenders
Starting : Michal Neuvirth          
Backup : Jonas Hiller             

Extra Forwards
Normal : Michael Rupp, Daniel Cleary, Mike Leclerc - PP : Michael Rupp, Daniel Cleary - PK : Mike Leclerc
Extra Defensemen
Normal : Tyler Sloan, Michael Kostka, Johnny Boychuk - PP : Tyler Sloan - PK : Michael Kostka, Johnny Boychuk
Penalty Shots
Niclas Bergfors, Derick Brassard, Steve Downie, Jonas Hoglund, Ryan Hollweg

% Time on Ice - Flames

Lines # - Real PCT - Wanted PCT - Time Play
Normal Forward
1 - 33% - 39% - 14:39
2 - 30% - 30% - 13:17
3 - 22% - 21% - 9:41
4 - 15% - 10% - 6:29
Normal Defense
1 - 41% - 40% - 18:01
2 - 34% - 30% - 14:51
3 - 22% - 20% - 9:46
4 - 3% - 10% - 1:28
PP Forward
1 - 56% - 60% - 4:30
2 - 44% - 40% - 3:28
PP Defense
1 - 54% - 60% - 4:20
2 - 46% - 40% - 3:38
PK Forward
1 - 83% - 60% - 6:18
2 - 17% - 40% - 1:18
PK Defense
1 - 57% - 60% - 4:21
2 - 43% - 40% - 3:15
PK3 Forward
1 - 0% - 60%
2 - 0% - 40%
PK3 Defense
1 - 0% - 60%
2 - 0% - 40%
44 Forward
1 - 100% - 60% - 0:20
2 - 0% - 40% - 0:00
44 Defense
1 - 100% - 60% - 0:20
2 - 0% - 40% - 0:00
Last Minute Offensive  - 0:00
Last Minute Defensive  - 0:00
Total
Forward - 60:00
Defense - 60:00

% Time on Ice - Sabres

Lines # - Real PCT - Wanted PCT - Time Play
Normal Forward
1 - 38% - 40% - 16:49
2 - 26% - 30% - 11:26
3 - 18% - 20% - 8:03
4 - 18% - 10% - 7:48
Normal Defense
1 - 38% - 40% - 16:39
2 - 37% - 30% - 16:24
3 - 22% - 20% - 9:40
4 - 3% - 10% - 1:23
PP Forward
1 - 51% - 60% - 3:52
2 - 49% - 40% - 3:44
PP Defense
1 - 57% - 60% - 4:20
2 - 43% - 40% - 3:16
PK Forward
1 - 79% - 60% - 6:16
2 - 21% - 40% - 1:42
PK Defense
1 - 60% - 60% - 4:45
2 - 40% - 40% - 3:13
PK3 Forward
1 - 0% - 60%
2 - 0% - 40%
PK3 Defense
1 - 0% - 60%
2 - 0% - 40%
44 Forward
1 - 100% - 60% - 0:20
2 - 0% - 40% - 0:00
44 Defense
1 - 100% - 60% - 0:20
2 - 0% - 40% - 0:00
Last Minute Offensive  - 0:00
Last Minute Defensive  - 0:00
Total
Forward - 60:00
Defense - 60:00

Play by Play

1st period


0:01 of 1st period - Eric Staal wins face-off versus Derick Brassard in neutral zone.
1:03 of 1st period - Backhand shot by David Backes.
1:03 of 1st period - Shot Misses the Net.
1:05 of 1st period - Slapshot by Alexander Semin.
1:05 of 1st period - Stopped by Michal Neuvirth with a rebound.
1:39 of 1st period - Slapshot by David Backes.
1:39 of 1st period - Stopped by Michal Neuvirth with a rebound.
1:43 of 1st period - Wrist shot by David Backes.
1:43 of 1st period - Shot Blocked by Michael Kostka.
2:17 of 1st period - Wrist shot by Eric Staal.
2:17 of 1st period - Stopped by Michal Neuvirth without a rebound.
2:18 of 1st period - Derick Brassard wins face-off versus Marcel Goc in Sabres zone.
2:33 of 1st period - Snap shot by Derick Brassard.
2:33 of 1st period - Stopped by Pekka Rinne without a rebound.
2:34 of 1st period - Mike Fisher wins face-off versus Patrik Berglund in Flames zone.
2:59 of 1st period - Ron Hainsey is hit by Greg Campbell and loses puck.
3:49 of 1st period - Snap shot by Mike Fisher.
3:49 of 1st period - Stopped by Pekka Rinne with a rebound.
4:01 of 1st period - Ron Hainsey is hit by Michael Rupp and loses puck.
4:08 of 1st period - Michael Rupp is hit by Ron Hainsey and loses puck.
4:21 of 1st period - Wrist shot by Derick Brassard.
4:21 of 1st period - Shot Blocked by Brad Marchand.
4:56 of 1st period - Derek Meech is hit by Jonas Hoglund and loses puck.
5:33 of 1st period - Steve Eminger is hit by Joni Pitkanen.
5:37 of 1st period - Milan Hejduk is hit by Antoine Roussel and loses puck.
6:04 of 1st period - Tyler Sloan is hit by Brad Marchand and loses puck.
6:15 of 1st period - Derick Brassard is hit by Patrik Berglund and loses puck.
6:50 of 1st period - Snap shot by Antoine Roussel.
6:50 of 1st period - Shot Misses the Net.
7:23 of 1st period - Off-side.
7:24 of 1st period - Patrik Berglund wins face-off versus Greg Campbell in neutral zone.
7:33 of 1st period - Wrist shot by Patrik Berglund.
7:33 of 1st period - Deflect By Craig Adams.
7:33 of 1st period - Shot Blocked by Ole-Kristian Tollefsen.
7:33 of 1st period - Puck is out of play.
7:34 of 1st period - Derick Brassard wins face-off versus Marcel Goc in Sabres zone.
7:47 of 1st period - Snap shot by Milan Hejduk.
7:47 of 1st period - Shot Misses the Net.
7:49 of 1st period - Slapshot by Steve Eminger.
7:49 of 1st period - Deflect By Milan Hejduk.
7:49 of 1st period - Shot Misses the Net.
7:49 of 1st period - Puck is out of play.
7:50 of 1st period - Patrik Berglund wins face-off versus Sam Gagner in Sabres zone.
7:57 of 1st period - Wrist shot by Patrik Berglund.
7:57 of 1st period - Stopped by Michal Neuvirth with a rebound.
8:03 of 1st period - Wrist shot by Patrik Berglund.
8:03 of 1st period - Stopped by Michal Neuvirth with a rebound.
8:25 of 1st period - Wrist shot by Milan Hejduk.
8:25 of 1st period - Stopped by Michal Neuvirth with a rebound.
9:26 of 1st period - Snap shot by Patrik Berglund.
9:26 of 1st period - Stopped by Michal Neuvirth with a rebound.
9:58 of 1st period - Wrist shot by Brad Marchand.
9:58 of 1st period - Shot Blocked by Greg Campbell.
10:17 of 1st period - Snap shot by Eric Staal.
10:17 of 1st period - Stopped by Michal Neuvirth with a rebound.
10:19 of 1st period - Slapshot by Ron Hainsey.
10:19 of 1st period - Shot Misses the Net.
10:21 of 1st period - Snap shot by Alexander Semin.
10:21 of 1st period - Stopped by Michal Neuvirth with a rebound.
10:41 of 1st period - Snap shot by Ryan Hollweg.
10:41 of 1st period - Shot Misses the Net.
10:43 of 1st period - Slapshot by Tyler Sloan.
10:43 of 1st period - Stopped by Pekka Rinne without a rebound.
10:44 of 1st period - Derick Brassard wins face-off versus Patrik Berglund in Flames zone.
11:20 of 1st period - Snap shot by Steve Downie.
11:20 of 1st period - Stopped by Pekka Rinne without a rebound.
11:21 of 1st period - Greg Campbell wins face-off versus Marcel Goc in Flames zone.
11:22 of 1st period - Wrist shot by Michael Rupp.
11:22 of 1st period - Shot Blocked by Erik Johnson.
11:53 of 1st period - Slapshot by Niclas Bergfors.
11:53 of 1st period - Stopped by Pekka Rinne with a rebound.
11:55 of 1st period - Slapshot by Joni Pitkanen.
11:55 of 1st period - Stopped by Pekka Rinne with a rebound.
11:57 of 1st period - Slapshot by Derick Brassard.
11:57 of 1st period - Stopped by Pekka Rinne with a rebound.
13:06 of 1st period - Wrist shot by Niclas Bergfors.
13:06 of 1st period - Shot Misses the Net.
13:08 of 1st period - Slapshot by Tyler Sloan.
13:08 of 1st period - Stopped by Pekka Rinne with a rebound.
13:22 of 1st period - Steve Downie is hit by Alexander Semin and loses puck.
13:47 of 1st period - Mike Leclerc is hit by Craig Adams and loses puck.
14:04 of 1st period - Icing by Mike Leclerc.
14:05 of 1st period - Mike Fisher wins face-off versus Marcel Goc in Sabres zone.
14:12 of 1st period - Slapshot by Joni Pitkanen.
14:12 of 1st period - Shot Misses the Net.
14:14 of 1st period - Snap shot by Mike Leclerc.
14:14 of 1st period - Deflect By Daniel Cleary.
14:14 of 1st period - Shot Misses the Net.
14:14 of 1st period - Puck is out of play.
14:15 of 1st period - Derick Brassard wins face-off versus Eric Staal in Flames zone.
14:16 of 1st period - Slapshot by Niclas Bergfors.
14:16 of 1st period - Stopped by Pekka Rinne without a rebound.
14:17 of 1st period - Derick Brassard wins face-off versus Eric Staal in Flames zone.
14:46 of 1st period - Slapshot by Steve Downie.
14:46 of 1st period - Stopped by Pekka Rinne without a rebound.
14:47 of 1st period - Ryan Hollweg wins face-off versus Marcel Goc in Flames zone.
14:56 of 1st period - Steve Regier is hit by Johnny Boychuk and loses puck.
15:03 of 1st period - Erik Johnson is hit by Niclas Bergfors and loses puck.
15:41 of 1st period - Snap shot by Niclas Bergfors.
15:41 of 1st period - Stopped by Pekka Rinne with a rebound.
15:43 of 1st period - Snap shot by Niclas Bergfors.
15:43 of 1st period - Shot Misses the Net.
15:45 of 1st period - Slapshot by Niclas Bergfors.
15:45 of 1st period - Shot Blocked by Erik Johnson.
15:47 of 1st period - Snap shot by Tyler Sloan.
15:47 of 1st period - Shot Misses the Net.
15:49 of 1st period - Slapshot by Nathan Paetsch.
15:49 of 1st period - Shot Blocked by Joe Corvo.
15:51 of 1st period - Slapshot by Niclas Bergfors.
15:51 of 1st period - Shot Misses the Net.
15:55 of 1st period - Wrist shot by Ryan Hollweg.
15:55 of 1st period - Shot Blocked by Milan Hejduk.
16:29 of 1st period - Slapshot by Filip Kuba.
16:29 of 1st period - Deflect By Marcel Goc.
16:29 of 1st period - Shot Misses the Net.
16:29 of 1st period - Puck is out of play.
16:30 of 1st period - Eric Staal wins face-off versus Sam Gagner in Sabres zone.
16:45 of 1st period - Snap shot by Antoine Roussel.
16:45 of 1st period - Shot Blocked by Steve Eminger.
16:51 of 1st period - Minor Penalty to David Backes for High sticking.
16:52 of 1st period - Greg Campbell wins face-off versus Eric Staal in Flames zone.
17:01 of 1st period - Slapshot by Ole-Kristian Tollefsen.
17:01 of 1st period - Shot Misses the Net.
18:44 of 1st period - Erik Johnson is hit by Ole-Kristian Tollefsen and loses puck.
18:51 of 1st period - Penalty to David Backes is over, David Backes is back on ice.
18:55 of 1st period - Joe Corvo is hit by Mike Fisher and loses puck.
Goals for this period are 0 for Flames vs 0 for Sabres.
Shots for this period are 9 for Flames vs 11 for Sabres.

2nd period


0:01 of 2nd period - Derick Brassard wins face-off versus Eric Staal in neutral zone.
0:48 of 2nd period - Snap shot by Marcel Goc.
0:48 of 2nd period - Shot Misses the Net.
1:15 of 2nd period - Icing by Derek Meech.
1:16 of 2nd period - Colin Wilson wins face-off versus Sam Gagner in Flames zone.
1:41 of 2nd period - David Backes is hit by Ole-Kristian Tollefsen and loses puck.
2:30 of 2nd period - Snap shot by Greg Campbell.
2:30 of 2nd period - Shot Misses the Net.
3:02 of 2nd period - Wrist shot by Greg Campbell.
3:02 of 2nd period - Stopped by Pekka Rinne without a rebound.
3:03 of 2nd period - Eric Staal wins face-off versus Derick Brassard in Flames zone.
3:28 of 2nd period - Filip Kuba is hit by Ole-Kristian Tollefsen and loses puck.
3:35 of 2nd period - Snap shot by Mike Leclerc.
3:35 of 2nd period - Shot Misses the Net.
4:37 of 2nd period - Slapshot by Mike Fisher.
4:37 of 2nd period - Stopped by Pekka Rinne without a rebound.
4:38 of 2nd period - Mike Fisher wins face-off versus Patrik Berglund in Flames zone.
4:41 of 2nd period - Slapshot by Johnny Boychuk.
4:41 of 2nd period - Stopped by Pekka Rinne with a rebound.
4:53 of 2nd period - Wrist shot by Craig Adams.
4:53 of 2nd period - Stopped by Michal Neuvirth with a rebound.
5:04 of 2nd period - Minor Penalty to Mike Leclerc for Interference.
5:05 of 2nd period - Eric Staal wins face-off versus Greg Campbell in Sabres zone.
5:32 of 2nd period - Joni Pitkanen is hit by Milan Hejduk and loses puck.
5:59 of 2nd period - Wrist shot by Joni Pitkanen.
5:59 of 2nd period - Shot Blocked by Ron Hainsey.
6:11 of 2nd period - Wrist shot by Patrik Berglund.
6:11 of 2nd period - Shot Misses the Net.
6:13 of 2nd period - Wrist shot by Milan Hejduk.
6:13 of 2nd period - Shot Blocked by Johnny Boychuk.
6:59 of 2nd period - Craig Adams is hit by Nathan Paetsch and loses puck.
7:04 of 2nd period - Penalty to Mike Leclerc is over, Mike Leclerc is back on ice.
7:45 of 2nd period - Patrik Berglund is hit by Niclas Bergfors and loses puck.
7:51 of 2nd period - Icing by Ron Hainsey.
7:52 of 2nd period - Craig Adams wins face-off versus Derick Brassard in Flames zone.
7:52 of 2nd period - Craig Adams is hit by Johnny Boychuk.
9:19 of 2nd period - Slapshot by Mike Fisher.
9:19 of 2nd period - Shot Misses the Net.
9:49 of 2nd period - Wrist shot by Niclas Bergfors.
9:49 of 2nd period - Stopped by Pekka Rinne with a rebound.
9:55 of 2nd period - Ryan Hollweg is hit by Brad Marchand and loses puck.
10:08 of 2nd period - Steve Regier is hit by Joni Pitkanen and loses puck.
10:29 of 2nd period - Mike Leclerc is hit by Eric Staal and loses puck.
10:37 of 2nd period - Icing by Michael Kostka.
10:38 of 2nd period - Eric Staal wins face-off versus Mike Fisher in Sabres zone.
10:41 of 2nd period - Snap shot by Eric Staal.
10:41 of 2nd period - Stopped by Michal Neuvirth without a rebound.
10:42 of 2nd period - Sam Gagner wins face-off versus Eric Staal in Sabres zone.
11:07 of 2nd period - Slapshot by Erik Johnson.
11:07 of 2nd period - Shot Hit the Post.
11:09 of 2nd period - Wrist shot by Milan Hejduk.
11:09 of 2nd period - Stopped by Michal Neuvirth with a rebound.
11:11 of 2nd period - Snap shot by Milan Hejduk.
11:11 of 2nd period - Stopped by Michal Neuvirth with a rebound.
11:13 of 2nd period - Snap shot by Steve Regier.
11:13 of 2nd period - Shot Blocked by Ole-Kristian Tollefsen.
11:15 of 2nd period - Slapshot by Joe Corvo.
11:15 of 2nd period - Shot Misses the Net.
12:31 of 2nd period - Marcel Goc is hit by Ryan Hollweg and loses puck.
12:56 of 2nd period - Backhand shot by Brad Marchand.
12:56 of 2nd period - Goal by Brad Marchand - Flames : 1 - Sabres : 0.
12:57 of 2nd period - Derick Brassard wins face-off versus Eric Staal in neutral zone.
13:04 of 2nd period - Snap shot by Ryan Hollweg.
13:04 of 2nd period - Stopped by Pekka Rinne with a rebound.
13:22 of 2nd period - Steve Eminger is hit by Ole-Kristian Tollefsen and loses puck.
13:57 of 2nd period - Patrik Berglund is hit by Greg Campbell and loses puck.
14:18 of 2nd period - Snap shot by Craig Adams.
14:18 of 2nd period - Stopped by Michal Neuvirth with a rebound.
14:20 of 2nd period - Wrist shot by Mark Bell.
14:20 of 2nd period - Shot Misses the Net.
14:22 of 2nd period - Slapshot by Joe Corvo.
14:22 of 2nd period - Stopped by Michal Neuvirth without a rebound.
14:23 of 2nd period - Niclas Bergfors wins face-off versus Eric Staal in Sabres zone.
14:41 of 2nd period - Ole-Kristian Tollefsen is hit by David Backes and loses puck.
14:51 of 2nd period - Icing by Ole-Kristian Tollefsen.
14:52 of 2nd period - Marcel Goc wins face-off versus Sam Gagner in Sabres zone.
15:17 of 2nd period - Slapshot by Joni Pitkanen.
15:17 of 2nd period - Shot Misses the Net.
15:23 of 2nd period - Slapshot by Ole-Kristian Tollefsen.
15:23 of 2nd period - Goal by Ole-Kristian Tollefsen - Flames : 1 - Sabres : 1.
15:24 of 2nd period - Derick Brassard wins face-off versus Eric Staal in neutral zone.
15:51 of 2nd period - Sam Gagner is hit by Marcel Goc.
16:08 of 2nd period - Steve Downie is hit by Erik Johnson and loses puck.
16:17 of 2nd period - Slapshot by Ole-Kristian Tollefsen.
16:17 of 2nd period - Shot Blocked by Joe Corvo.
16:19 of 2nd period - Snap shot by Antoine Roussel.
16:19 of 2nd period - Shot Hit the Post.
16:21 of 2nd period - Wrist shot by Steve Downie.
16:21 of 2nd period - Stopped by Pekka Rinne without a rebound.
16:22 of 2nd period - Derick Brassard wins face-off versus Eric Staal in Flames zone.
16:29 of 2nd period - Snap shot by Ryan Hollweg.
16:29 of 2nd period - Deflect By Niclas Bergfors.
16:29 of 2nd period - Shot Blocked by Eric Staal.
16:29 of 2nd period - Puck is out of play.
16:30 of 2nd period - Eric Staal wins face-off versus Derick Brassard in Flames zone.
16:57 of 2nd period - Slapshot by Steve Eminger.
16:57 of 2nd period - Shot Misses the Net.
16:59 of 2nd period - Slapshot by Steve Eminger.
16:59 of 2nd period - Shot Misses the Net.
17:01 of 2nd period - Backhand shot by Steve Eminger.
17:01 of 2nd period - Stopped by Michal Neuvirth without a rebound.
17:02 of 2nd period - Marcel Goc wins face-off versus Sam Gagner in Sabres zone.
17:03 of 2nd period - Slapshot by Steve Regier.
17:03 of 2nd period - Stopped by Michal Neuvirth with a rebound.
17:05 of 2nd period - Minor Penalty to Steve Downie for Hooking.
17:06 of 2nd period - Eric Staal wins face-off versus Greg Campbell in Sabres zone.
17:13 of 2nd period - Snap shot by David Backes.
17:13 of 2nd period - Deflect By Eric Staal.
17:13 of 2nd period - Shot Misses the Net.
17:13 of 2nd period - Puck is out of play.
17:14 of 2nd period - Alexander Semin wins face-off versus Greg Campbell in Sabres zone.
17:27 of 2nd period - Snap shot by Alexander Semin.
17:27 of 2nd period - Goal by Alexander Semin - Flames : 2 - Sabres : 1.
17:28 of 2nd period - Derick Brassard wins face-off versus Eric Staal in neutral zone.
17:41 of 2nd period - Wrist shot by Eric Staal.
17:41 of 2nd period - Stopped by Michal Neuvirth with a rebound.
17:49 of 2nd period - Minor Penalty to Derick Brassard for Hooking.
17:50 of 2nd period - Greg Campbell wins face-off versus Eric Staal in Sabres zone.
19:22 of 2nd period - Filip Kuba is hit by Johnny Boychuk and loses puck.
19:49 of 2nd period - Penalty to Derick Brassard is over, Derick Brassard is back on ice.
19:56 of 2nd period - Milan Hejduk is hit by Ryan Hollweg and loses puck.
Goals for this period are 2 for Flames vs 1 for Sabres.
Shots for this period are 11 for Flames vs 7 for Sabres.

3rd period


0:01 of 3rd period - Eric Staal wins face-off versus Derick Brassard in neutral zone.
0:08 of 3rd period - Off-side.
0:09 of 3rd period - Ryan Hollweg wins face-off versus Eric Staal in neutral zone.
0:12 of 3rd period - Slapshot by Ole-Kristian Tollefsen.
0:12 of 3rd period - Deflect By Niclas Bergfors.
0:12 of 3rd period - Shot Blocked by Alexander Semin.
0:12 of 3rd period - Puck is out of play.
0:13 of 3rd period - Eric Staal wins face-off versus Derick Brassard in Flames zone.
0:38 of 3rd period - Snap shot by Steve Regier.
0:38 of 3rd period - Stopped by Michal Neuvirth without a rebound.
0:39 of 3rd period - Marcel Goc wins face-off versus Sam Gagner in Sabres zone.
1:07 of 3rd period - Slapshot by Derick Brassard.
1:07 of 3rd period - Stopped by Pekka Rinne without a rebound.
1:08 of 3rd period - Derick Brassard wins face-off versus Eric Staal in Flames zone.
1:12 of 3rd period - Minor Penalty to David Backes for Hooking.
1:13 of 3rd period - Derick Brassard wins face-off versus Marcel Goc in Flames zone.
2:06 of 3rd period - Slapshot by Steve Eminger.
2:06 of 3rd period - Shot Misses the Net.
2:23 of 3rd period - Icing by Greg Campbell.
2:24 of 3rd period - Greg Campbell wins face-off versus Marcel Goc in Sabres zone.
2:51 of 3rd period - Minor Penalty to Ryan Hollweg for Tripping.
2:52 of 3rd period - Niclas Bergfors wins face-off versus Eric Staal in Sabres zone.
3:12 of 3rd period - Penalty to David Backes is over, David Backes is back on ice.
3:26 of 3rd period - Wrist shot by Milan Hejduk.
3:26 of 3rd period - Stopped by Michal Neuvirth without a rebound.
3:27 of 3rd period - Patrik Berglund wins face-off versus Greg Campbell in Sabres zone.
4:51 of 3rd period - Penalty to Ryan Hollweg is over, Ryan Hollweg is back on ice.
5:04 of 3rd period - Backhand shot by Filip Kuba.
5:04 of 3rd period - Shot Blocked by Niclas Bergfors.
5:06 of 3rd period - Slapshot by Erik Johnson.
5:06 of 3rd period - Stopped by Michal Neuvirth with a rebound.
5:08 of 3rd period - Slapshot by Filip Kuba.
5:08 of 3rd period - Stopped by Michal Neuvirth with a rebound.
5:59 of 3rd period - Minor Penalty to Brad Marchand for Hooking.
6:00 of 3rd period - Derick Brassard wins face-off versus Marcel Goc in Flames zone.
6:05 of 3rd period - Wrist shot by Derick Brassard.
6:05 of 3rd period - Stopped by Pekka Rinne with a rebound.
6:07 of 3rd period - Slapshot by Niclas Bergfors.
6:07 of 3rd period - Shot Misses the Net.
6:09 of 3rd period - Slapshot by Ole-Kristian Tollefsen.
6:09 of 3rd period - Stopped by Pekka Rinne with a rebound.
6:11 of 3rd period - Wrist shot by Niclas Bergfors.
6:11 of 3rd period - Shot Misses the Net.
7:08 of 3rd period - Joe Corvo is hit by Steve Downie and loses puck.
7:59 of 3rd period - Penalty to Brad Marchand is over, Brad Marchand is back on ice.
8:06 of 3rd period - Wrist shot by Craig Adams.
8:06 of 3rd period - Stopped by Michal Neuvirth with a rebound.
8:08 of 3rd period - Snap shot by Mark Bell.
8:08 of 3rd period - Shot Misses the Net.
8:10 of 3rd period - Slapshot by Derek Meech.
8:10 of 3rd period - Stopped by Michal Neuvirth without a rebound.
8:11 of 3rd period - Patrik Berglund wins face-off versus Mike Fisher in Sabres zone.
8:52 of 3rd period - Off-side.
8:53 of 3rd period - Eric Staal wins face-off versus Sam Gagner in neutral zone.
9:19 of 3rd period - Ryan Hollweg is hit by Milan Hejduk and loses puck.
9:30 of 3rd period - Wrist shot by Milan Hejduk.
9:30 of 3rd period - Shot Blocked by Niclas Bergfors.
9:38 of 3rd period - Marcel Goc is hit by Derick Brassard and loses puck.
10:03 of 3rd period - Snap shot by Derick Brassard.
10:03 of 3rd period - Stopped by Pekka Rinne without a rebound.
10:04 of 3rd period - Eric Staal wins face-off versus Sam Gagner in Flames zone.
10:31 of 3rd period - Michael Rupp is hit by Patrik Berglund and loses puck.
10:50 of 3rd period - Snap shot by Brad Marchand.
10:50 of 3rd period - Deflect By Colin Wilson.
10:50 of 3rd period - Shot Misses the Net.
10:50 of 3rd period - Puck is out of play.
10:51 of 3rd period - Mike Fisher wins face-off versus Colin Wilson in Sabres zone.
11:07 of 3rd period - Snap shot by Andrej Sekera.
11:07 of 3rd period - Shot Misses the Net.
11:17 of 3rd period - Wrist shot by Ryan Hollweg.
11:17 of 3rd period - Stopped by Pekka Rinne with a rebound.
11:19 of 3rd period - Slapshot by Niclas Bergfors.
11:19 of 3rd period - Shot Misses the Net.
11:39 of 3rd period - Wrist shot by Steve Regier.
11:39 of 3rd period - Goal by Steve Regier - Flames : 3 - Sabres : 1.
11:40 of 3rd period - Eric Staal wins face-off versus Derick Brassard in neutral zone.
11:45 of 3rd period - Steve Eminger is hit by Ole-Kristian Tollefsen and loses puck.
12:06 of 3rd period - Ole-Kristian Tollefsen is hit by Steve Regier and loses puck.
12:27 of 3rd period - Slapshot by Joni Pitkanen.
12:27 of 3rd period - Shot Blocked by Patrik Berglund.
12:29 of 3rd period - Snap shot by Jonas Hoglund.
12:29 of 3rd period - Shot Misses the Net.
12:55 of 3rd period - Wrist shot by Mike Fisher.
12:55 of 3rd period - Stopped by Pekka Rinne without a rebound.
12:56 of 3rd period - Eric Staal wins face-off versus Derick Brassard in Flames zone.
12:58 of 3rd period - Icing by David Backes.
12:59 of 3rd period - Eric Staal wins face-off versus Derick Brassard in Flames zone.
13:10 of 3rd period - Snap shot by Alexander Semin.
13:10 of 3rd period - Shot Misses the Net.
13:12 of 3rd period - Snap shot by Alexander Semin.
13:12 of 3rd period - Shot Misses the Net.
13:14 of 3rd period - Slapshot by Filip Kuba.
13:14 of 3rd period - Goal by Filip Kuba - Flames : 4 - Sabres : 1.
13:15 of 3rd period - Derick Brassard wins face-off versus Eric Staal in neutral zone.
13:27 of 3rd period - Minor Penalty to Alexander Semin for Cross-checking.
13:28 of 3rd period - Marcel Goc wins face-off versus Derick Brassard in Flames zone.
13:36 of 3rd period - Slapshot by Ole-Kristian Tollefsen.
13:36 of 3rd period - Stopped by Pekka Rinne with a rebound.
13:38 of 3rd period - Slapshot by Joni Pitkanen.
13:38 of 3rd period - Stopped by Pekka Rinne with a rebound.
13:40 of 3rd period - Snap shot by Ryan Hollweg.
13:40 of 3rd period - Stopped by Pekka Rinne with a rebound.
14:10 of 3rd period - Erik Johnson is hit by Antoine Roussel and loses puck.
15:16 of 3rd period - Colin Wilson is hit by Joni Pitkanen.
15:27 of 3rd period - Penalty to Alexander Semin is over, Alexander Semin is back on ice.
15:33 of 3rd period - Wrist shot by Alexander Semin.
15:33 of 3rd period - Goal by Alexander Semin - Flames : 5 - Sabres : 1.
15:34 of 3rd period - Derick Brassard wins face-off versus Alexander Semin in neutral zone.
15:47 of 3rd period - Wrist shot by Eric Staal.
15:47 of 3rd period - Deflect By David Backes.
15:47 of 3rd period - Stopped by Michal Neuvirth with a rebound.
15:56 of 3rd period - Icing by Derick Brassard.
15:57 of 3rd period - Marcel Goc wins face-off versus Ryan Hollweg in Sabres zone.
16:00 of 3rd period - Snap shot by Marcel Goc.
16:00 of 3rd period - Shot Misses the Net.
16:18 of 3rd period - Milan Hejduk is hit by Ryan Hollweg and loses puck.
16:27 of 3rd period - Snap shot by Erik Johnson.
16:27 of 3rd period - Stopped by Michal Neuvirth without a rebound.
16:28 of 3rd period - Eric Staal wins face-off versus Sam Gagner in Sabres zone.
16:32 of 3rd period - Icing by Ole-Kristian Tollefsen.
16:33 of 3rd period - Eric Staal wins face-off versus Sam Gagner in Sabres zone.
16:39 of 3rd period - Minor Penalty to Antoine Roussel for Interference.
16:40 of 3rd period - Eric Staal wins face-off versus Greg Campbell in Sabres zone.
18:39 of 3rd period - Penalty to Antoine Roussel is over, Antoine Roussel is back on ice.
19:06 of 3rd period - Slapshot by Mike Fisher.
19:06 of 3rd period - Shot Blocked by Brad Marchand.
19:12 of 3rd period - Snap shot by Antoine Roussel.
19:12 of 3rd period - Shot Blocked by Colin Wilson.
19:14 of 3rd period - Snap shot by Mike Fisher.
19:14 of 3rd period - Shot Misses the Net.
19:16 of 3rd period - Snap shot by Daniel Cleary.
19:16 of 3rd period - Deflect By Mike Fisher.
19:16 of 3rd period - Shot Misses the Net.
19:16 of 3rd period - Puck is out of play.
19:17 of 3rd period - Derick Brassard wins face-off versus Marcel Goc in Flames zone.
19:24 of 3rd period - Snap shot by Niclas Bergfors.
19:24 of 3rd period - Stopped by Pekka Rinne with a rebound.
Goals for this period are 3 for Flames vs 0 for Sabres.
Shots for this period are 11 for Flames vs 10 for Sabres.